 Dungeon Crawl Stone Soup version 0.16-a0-253-g996e5b4 (console) character file.

206 Nanodesu the Chopper (level 5, -3/47 HPs)
             Began as a Hill Orc Berserker on Aug 23, 2014.
             Was a Priest of Trog.
             Slain by an orc warrior
             ... wielding a +0 halberd
              (10 damage)
             ... on Level 5 of the Dungeon.
             The game lasted 00:27:09 (4252 turns).

Nanodesu the Chopper (Hill Orc Berserker)           Turns: 4252, Time: 00:27:10

HP  -3/47        AC  9     Str 21      XL: 5   Next: 84%
MP   5/5         EV  7     Int  7      God: Trog [***...]
Gold 143         SH  0     Dex 10      Spells:  0 memorised,  4 levels left

rFire  . . .     SeeInvis .     k - +4 mace
rCold  . . .     Clarity  .     A - +0 chain mail
rNeg   . . .     rCorr    .     (no shield)
rPois  .         rRot     .     (no helmet)
rElec  .         Spirit   .     (no cloak)
SustAb .         Warding  .     (no gloves)
rMut   .         Stasis   .     (no boots)
Gourm  .                        (no amulet)
MR     .....                    R - ring of stealth
                                f - ring of teleport control

@: exhausted, slowed, very slow, not resistant to hostile enchantments,
extremely unstealthy
A: no striking features
a: Burn Spellbooks, Berserk, Trog's Hand, Renounce Religion, Evoke Teleport
Control


You were on level 5 of the Dungeon.
You worshipped Trog.
Trog was most pleased with you.
You were not hungry.

You visited 1 branch of the dungeon, and saw 5 of its levels.

You collected 143 gold pieces.

Inventory:

Hand weapons
 a - a +0 hand axe
 g - a cursed +0 short sword
 h - a cursed -2 short sword
 i - a +0 spear
 k - a +4 mace (weapon)
 l - a +0 dagger
 t - a +0 hand axe
 x - a +0 short sword
 y - a +0 dagger
 B - a +0 short sword
 J - a +0 war axe
 L - a +0 dagger
Missiles
 n - a throwing net
 o - 15 stones (quivered)
 N - 26 sling bullets
 P - 12 silver bolts
Armour
 b - a +0 animal skin
 d - a +0 leather armour
 j - a +0 scale mail
 q - a +0 robe
 s - a +0 leather armour
 v - a +0 leather armour
 A - a +0 chain mail (worn)
 M - a +0 leather armour
 O - a +0 robe
 S - a +0 chain mail
Comestibles
 c - 2 meat rations
 m - a bread ration
Scrolls
 p - 3 scrolls of amnesia
 w - a scroll of magic mapping {unknown}
 z - a scroll of recharging {unknown}
 H - a scroll of remove curse
 Q - a scroll of identify
Jewellery
 f - a ring of teleport control (left hand)
 C - a +4 ring of strength {unknown}
 E - an uncursed amulet of rage {unknown}
 F - an uncursed ring of positive energy {unknown}
 I - an uncursed ring of regeneration {unknown}
 R - a ring of stealth (right hand)
Potions
 e - a potion of invisibility {unknown}
 r - a potion of restore abilities {unknown}
 D - a potion of heal wounds {unknown}
 K - a potion of flight {unknown}


   Skills:
 + Level 4.7 Fighting
 + Level 5.3(5.4) Axes
 + Level 0.9(2.9) Maces & Flails
 + Level 1.1 Throwing
 + Level 3.7 Armour
 + Level 2.4 Dodging
 + Level 0.1 Stealth


You had 4 spell levels left.
You didn't know any spells.

Dungeon Overview and Level Annotations

Branches:
Dungeon (6/15)
 Temple: D:4-7

Altars:
Qazlal
Trog

Annotations:
D:5 Natasha; coolblinger's ghost, experienced MiGl


Message History

The orc warrior is almost dead.
You closely miss the orc warrior.
The orc warrior is almost dead.
You are no longer berserk.
You are exhausted.
You feel yourself slow down. The orc warrior barely misses you.
The orc warrior hits you from afar with a halberd!
* * * LOW HITPOINT WARNING * * *
There is an open door, spattered with blood here.
The orc warrior hits you from afar with a halberd.
* * * LOW HITPOINT WARNING * * *
The orc warrior hits you but does no damage.
Throwing (i - inventory. (,) - cycle):
o - 15 stones (quivered)
Press: ? - help, Shift-Dir - straight line, f - orc warrior
Aim: an orc warrior, wielding a halberd and wearing a plate armour (almost dead)
Okay, then.
You close the door.
An orc warrior opens the door.
You close the door.
An orc warrior opens the door.
The orc warrior hits you from afar with a halberd!
You die...

.# .# .# +#.#+
#.#####...#####
#........⌠.......
#####o..#
##...'#.#+
#.8.@.#.#
#.._..#(#
#.8.8.#.#
##...##S# #####
.. .. #


You could see an orc warrior.

Vanquished Creatures
  A crimson imp (D:5)
  9 adders
  A giant mite (D:2)
  3 worms (D:2)
  3 giant geckos
  2 orcs (D:5)
  2 ball pythons
  5 giant cockroaches
  8 hobgoblins
  4 jackals (D:2)
  A quokka (D:2)
  5 bats
  6 goblins
  7 kobolds
  8 rats
  3 plants (D:1)
68 creatures vanquished.

Vanquished Creatures (others)
  A goblin (D:2)
1 creature vanquished.

Grand Total: 69 creatures vanquished

Notes
Turn   | Place    | Note
--------------------------------------------------------------
     0 | D:1      | Nanodesu, the Hill Orc Berserker, began the quest for the Orb.
     0 | D:1      | Reached XP level 1. HP: 19/19 MP: 1/1
   437 | D:1      | Reached XP level 2. HP: 20/27 MP: 2/2
   675 | D:1      | Acquired Trog's second power
  1478 | D:2      | Reached XP level 3. HP: 11/33 MP: 3/3
  1702 | D:2      | Found a stormy altar of Qazlal.
  2071 | D:2      | Reached XP level 4. HP: 26/40 MP: 4/4
  2710 | D:2      | Reached skill level 5 in Axes
  3603 | D:2      | Reached XP level 5. HP: 43/47 MP: 5/5
  4045 | D:3      | You fall through a shaft!
  4045 | D:6      | Noticed a water moccasin
  4049 | D:5      | Entered Level 5 of the Dungeon
  4190 | D:5      | Noticed Natasha
  4190 | D:5      | Noticed coolblinger's ghost (experienced MiGl)
  4200 | D:5      | Found a bloodstained altar of Trog.
  4227 | D:5      | Noticed an orc warrior
  4236 | D:5      | Reached skill level 1 in Throwing
  4252 | D:5      | Slain by an orc warrior

Action                   |  1- 3 |  4- 6 || total
-------------------------+-------+-------++-------
Melee: Hand axe          |   252 |    56 ||   308
       Mace              |       |    89 ||    89
Throw: Stone             |    13 |    35 ||    48
       Throwing net      |     2 |       ||     2
Invok: Berserk           |     2 |     1 ||     3
       Trog's Hand       |     1 |     1 ||     2
  Use: Scroll            |     2 |     3 ||     5
  Eat: Bread ration      |     2 |       ||     2
       Meat ration       |       |     1 ||     1
       Fruit             |       |     1 ||     1
